Map: Ruins of Endion

Players

Miszu - Winner!

  • Race: Terran Terran
  • League: Master

trutacz

  • Race: Zerg Zerg
  • League: Master

VOD

Have the link to the VOD?

Description

Time

  • Played on: April 22, 2016, 3:46 p.m.
  • Length: 11:11
Show
View Real Time Build Order
Export as new Build Order

Miszu Terran - Winner!

Build Orders: Liberator Opening, Reaper Expand, Bio Tank 

Get SALT Encoding   

  12  0:01  SCV  
  13  0:13  SCV  
  14  0:18  Supply Depot  
  14  0:25  SCV  
  15  0:39  SCV  
  15  0:42  Barracks  
  16  0:46  Refinery  
  16  0:52  SCV  
  17  1:04  SCV  
  18  1:16  SCV  
  19  1:29  Orbital Command  
  19  1:32  Reaper  
  20  1:41  Command Center  
  20  1:52  Supply Depot  
  20  1:55  SCV  
  21  2:07  SCV  
  22  2:10  Factory  
  22  2:16  Refinery  
  22  2:19  SCV  
  23  2:25  Barracks Reactor  
  23  2:31  SCV  
  24  2:43  SCV  
  25  2:53  Orbital Command  
  25  2:55  Starport, SCV  
  26  3:07  SCV  
  26  3:12  Factory Tech Lab  
  27  3:13  Marine x2  
  27  3:18  Liberator  
  27  3:19  SCV  
  30  3:21  SCV  
  31  3:32  SCV  
  31  3:34  SCV  
  35  3:39  Command Center  
  36  3:44  SCV  
  36  3:46  Marine x2, SCV  
  39  3:56  SCV  
  39  3:58  SCV  
  39  4:00  Supply Depot  
  41  4:06  Liberator  
  41  4:08  SCV  
  42  4:10  SCV  
  43  4:20  SCV  
  43  4:22  SCV  
  48  4:28  Barracks  
  48  4:29  Barracks  
  48  4:31  Refinery  
  48  4:32  Refinery, SCV  
  48  4:33  Marine x2  
  48  4:34  SCV  
  48  4:37  Supply Depot  
  52  4:44  SCV  
  53  4:46  SCV  
  53  4:51  Marine x2, Siege Tank  
  53  4:52  Orbital Command  
  59  4:56  SCV  
  59  4:58  SCV  
  61  5:08  Starport Reactor, SCV  
  61  5:10  SCV  
  61  5:13  Engineering Bay  
  63  5:14  Engineering Bay  
  63  5:20  SCV  
  64  5:22  Supply Depot, SCV, Orbital Command  
  64  5:24  Marine  
  64  5:26  Supply Depot, Marine  
  64  5:28  Barracks Tech Lab  
  68  5:29  Barracks Tech Lab  
  68  5:33  SCV  
  68  5:35  SCV  
  66  5:37  Siege Tank  
  66  5:41  Terran Infantry Weapons Level 1, Terran Infantry Armor Level 1  
  69  5:45  SCV  
  69  5:47  SCV, Stimpack  
  69  5:48  Combat Shields  
  71  5:52  SCV  
  71  5:53  Barracks x2  
  71  5:56  Marine x4  
  76  5:57  Medivac, SCV  
  76  5:59  SCV  
  80  6:04  SCV  
  81  6:13  Marine  
  81  6:14  Marine  
  81  6:17  Marine  
  81  6:18  Marine  
  85  6:19  Siege Tank, SCV  
  85  6:20  SCV x2  
  89  6:31  Supply Depot, Marine, Armory  
  89  6:32  Supply Depot  
  85  6:46  Marine  
  82  6:47  Marine x2  
  82  6:49  Barracks Reactor x2, Marine  
  82  6:51  Siege Tank  
  82  6:52  SCV x2  
  90  6:56  Supply Depot x2  
  90  7:04  Marine, SCV x2  
  90  7:05  Marine  
  93  7:09  Marine x2  
  93  7:10  Medivac x2, Orbital Command  
  99  7:16  SCV  
  99  7:22  Supply Depot x2, Marine x2  
  101  7:23  Siege Tank  
  101  7:26  Marine x5  
  101  7:27  Marine  
  108  7:30  Terran Vehicle Weapons Level 1  
  108  7:40  Marine x2  
  108  7:44  Marine x4  
  111  7:45  SCV  
  111  7:46  SCV x2  
  117  7:55  Terran Infantry Armor Level 2  
  117  7:56  Marine  
  117  7:57  Marine  
  117  7:58  SCV  
  120  8:03  Marine x6  
  120  8:04  Refinery x2  
  120  8:05  Terran Infantry Weapons Level 2  
  126  8:12  Supply Depot, SCV  
  127  8:13  Supply Depot, SCV  
  127  8:14  Supply Depot, Marine, SCV  
  127  8:15  Marine  
  131  8:20  Marine  
  131  8:21  Marine x5  
  131  8:22  Siege Tank  
  131  8:24  SCV  
  141  8:34  Marine x2  
  141  8:38  Marine  
  141  8:39  Supply Depot x2, Marine  
  141  8:41  Supply Depot  
  145  8:43  Marine  
  145  8:44  Marine  
  145  8:46  Medivac x2  
  151  8:51  Barracks, SCV  
  151  8:52  Barracks  
  151  8:54  Siege Tank, Barracks  
  155  8:56  Marine  
  156  9:22  Marine  
  156  9:23  Marine x6  
  163  9:26  Siege Tank  
  144  9:42  Marine x8  
  144  9:44  Medivac x2  
  156  9:49  Barracks Reactor x3  
  156  9:51  Barracks Tech Lab  
  156  9:52  Barracks Tech Lab  
  156  9:53  Marine  
  156  9:59  Marine  
  157  10:00  Marine x4, Command Center  
  157  10:01  Marauder  
  164  10:09  Marine  
  164  10:10  Marine x2, Marauder  
  164  10:11  Marine  
  164  10:14  Medivac x2  
  174  10:17  Marine  
  174  10:18  Marine x4  
  178  10:21  Marine  
  180  10:29  Marine  
  180  10:30  Siege Tank  
  180  10:31  Marauder  
  180  10:35  Marine x2, Barracks Tech Lab, Marauder x2  
  179  10:36  Marine x3  
  179  10:39  Marine  
  183  10:46  Marine  
  188  10:52  Marine  
  188  10:53  Marine  
Show
View Real Time Build Order
Export as new Build Order

trutacz Zerg 

Build Orders: Hatch First 

Get SALT Encoding   

  12  0:01  Drone  
  13  0:13  Overlord  
  13  0:17  Drone  
  14  0:32  Drone x2  
  16  0:35  Drone  
  17  0:53  Hatchery  
  17  0:56  Drone  
  17  0:59  Drone  
  18  1:11  Extractor  
  18  1:15  Spawning Pool  
  18  1:18  Drone  
  17  1:21  Drone  
  18  1:29  Drone  
  19  1:44  Overlord  
  19  2:01  Queen  
  19  2:02  Zergling x4  
  19  2:05  Queen  
  19  2:06  Zergling x2  
  26  2:13  Metabolic Boost  
  26  2:14  Drone  
  27  2:16  Drone  
  28  2:23  Drone  
  28  2:29  Drone  
  30  2:33  Drone  
  31  2:42  Queen, Drone  
  34  2:50  Lair  
  34  2:51  Overlord  
  34  2:53  Drone  
  34  2:56  Drone  
  36  3:03  Overlord  
  36  3:11  Drone x2  
  38  3:14  Drone x3  
  38  3:16  Drone  
  42  3:20  Overlord  
  42  3:28  Drone x4  
  42  3:33  Drone  
  47  3:52  Overlord  
  47  3:56  Hatchery  
  47  3:58  Drone  
  47  3:59  Roach Warren, Extractor, Drone x2  
  47  4:01  Overseer  
  47  4:05  Overlord  
  47  4:10  Drone x2  
  47  4:14  Drone  
  50  4:19  Drone  
  50  4:20  Drone x2  
  52  4:24  Drone  
  52  4:29  Overlord  
  53  4:31  Extractor  
  53  4:32  Drone x2  
  53  4:34  Drone x2  
  53  4:35  Drone x2  
  58  4:39  Glial Reconstitution  
  58  4:45  Spore Crawler  
  58  4:47  Overlord  
  56  4:53  Spore Crawler  
  56  4:58  Roach  
  56  4:59  Roach x6  
  68  5:04  Roach  
  70  5:08  Roach  
  70  5:13  Roach  
  74  5:24  Drone, Evolution Chamber  
  74  5:26  Drone, Evolution Chamber  
  74  5:34  Overseer  
  74  5:41  Spore Crawler  
  72  5:47  Roach x2  
  72  5:48  Roach  
  78  5:55  Zerg Missile Weapons Level 1  
  77  6:00  Zerg Ground Armor Level 1  
  77  6:02  Ravager x2  
  77  6:06  Drone  
  77  6:09  Drone  
  78  6:14  Zergling x2  
  78  6:15  Zergling x4  
  81  6:22  Overlord  
  81  6:26  Roach x3  
  81  6:31  Roach  
  81  6:32  Overlord  
  81  6:46  Drone  
  83  6:47  Drone x8  
  83  6:52  Ravager  
  83  6:53  Ravager  
  92  6:55  Drone x4  
  92  6:56  Drone  
  97  7:03  Drone x4  
  97  7:04  Drone  
  97  7:06  Drone  
  97  7:07  Drone  
  104  7:10  Drone  
  104  7:11  Drone  
  104  7:14  Overlord  
  106  7:16  Overlord  
  106  7:21  Overlord  
  104  7:25  Extractor  
  104  7:27  Extractor  
  102  7:36  Roach x8  
  118  7:40  Infestation Pit  
  117  7:50  Roach x3  
  123  7:52  Roach x2  
  123  7:57  Zerg Ground Armor Level 2  
  127  8:09  Hatchery  
  127  8:12  Drone  
  127  8:17  Hive, Zergling x2  
  127  8:18  Zergling x4  
  130  8:23  Overlord  
  130  8:26  Overlord x2  
  130  8:27  Overlord x2  
  130  8:30  Zerg Melee Weapons Level 1  
  130  8:33  Overlord  
  130  8:37  Ravager  
  130  8:46  Roach  
  130  8:47  Roach x8  
  148  8:57  Zergling x6  
  148  8:58  Zergling x8  
  148  9:00  Ravager  
  148  9:01  Ravager x2  
  158  9:08  Roach x3  
  164  9:10  Roach  
  164  9:14  Roach  
  164  9:16  Roach  
  167  9:19  Roach x3  
  167  9:21  Roach x2  
  142  9:31  Roach  
  142  9:34  Roach  
  142  9:35  Roach x2  
  130  9:43  Roach x6  
  135  9:48  Queen x2  
  135  9:52  Roach  
  141  9:54  Roach x2  
  145  10:00  Extractor  
  145  10:01  Ultralisk Cavern  
  145  10:02  Zergling x2  
  145  10:07  Zergling x4  
  145  10:12  Roach  
  144  10:15  Roach x2  
  148  10:23  Roach x2  
  148  10:26  Roach  
  130  10:30  Roach x3  
  130  10:31  Roach x2  
  130  10:32  Roach  
  127  10:36  Roach x2  
  124  10:49  Zergling x10  
Tags
 
Add a new tag
Caveats
  • Supply blocks, unpowered buildings, or Contaminate may cause inaccurate times.
  • Supply counts are checked every 10 seconds.